[Event "EIWCC 2017"]
[Site "Riga"]
[Date "2017.04.14"]
[Round "4"]
[White "Pavlidou, Ekaterini"]
[Black "Babiy, Olga"]
[Result "1/2-1/2"]
[ECO "A40"]
[WhiteElo "2180"]
[BlackElo "2359"]
[Annotator "NA"]
[PlyCount "100"]
[EventDate "2017.??.??"]
[EventType "swiss"]
[EventCountry "LAT"]
[SourceTitle "playchess.com"]
[Source "ChessBase"]
[SourceQuality "1"]
[TimeControl "40/5400+30:1800+30"]

1. d4 Nf6 2. c4 e6 3. g3 d5 4. Nf3 Bb4+ 5. Bd2 Bxd2+ 6. Qxd2 O-O 7. Bg2 Qe7 8. O-O dxc4 9. Qc2 b5 10. a4 c6 11. Ne5 Bb7 12. b3 cxb3 13. Qxb3 b4 14. Nd2 Rd8 15. Qb2 Nd5 16. Ne4 Na6 17. Rfc1 Rdc8 18. Nd3 Rab8 19. a5 Nac7 20. e3 f6 21. Nec5 Ba6 22. Nf4 Bb5 23. e4 Nxf4 24. gxf4 Na6 25. Qb3 Nxc5 26. Rxc5 Qd6 27. f5 Qxd4 28. Rac1 Re8 29. fxe6 Qd3 30. Qxb4 Rxe6 31. e5 Rd8 32. Be4 Rd4 33. Bxd3 Rxb4 34. Bxb5 Rxb5 35. Rxc6 Rxc6 36. Rxc6 Rxa5 37. exf6 g6 38. Rc7 h5 39. Rg7+ Kf8 40. Rxg6 Kf7 41. Rh6 Rg5+ 42. Kf1 a5 43. h3 Rf5 44. Kg2 a4 45. Rh7+ Kxf6 46. Ra7 Rf4 47. Kg3 Rb4 48. Ra6+ Kf5 49. Ra5+ Kg6 50. Ra6+ Kf5 1/2-1/2

[Event "EIWCC 2017"]
[Site "Riga"]
[Date "2017.04.14"]
[Round "4"]
[White "Sazonova, Anastasia"]
[Black "Khomeriki, Nino"]
[Result "1/2-1/2"]
[ECO "D38"]
[WhiteElo "2143"]
[BlackElo "2308"]
[Annotator "NA"]
[PlyCount "120"]
[EventDate "2017.??.??"]
[EventType "swiss"]
[EventCountry "LAT"]
[SourceTitle "playchess.com"]
[Source "ChessBase"]
[SourceQuality "1"]
[TimeControl "40/5400+30:1800+30"]

1. d4 Nf6 2. c4 e6 3. Nf3 d5 4. Nc3 Bb4 5. Qb3 c5 6. dxc5 Nc6 7. Bg5 dxc4 8. Qxc4 Qa5 9. Bxf6 gxf6 10. Rc1 Qxc5 11. Qh4 Ke7 12. g3 Bxc3+ 13. bxc3 b6 14. Bg2 Ba6 15. Nd2 Rac8 16. Ne4 Qf5 17. g4 Qg6 18. f4 Rhg8 19. h3 Nd4 20. Rd1 Nxe2 21. Nxf6 Nxf4 22. Nd5+ Kf8 23. Qe7+ Kg7 24. Nxf4 Qh6 25. Nh5+ Kh8 26. Qf6+ Qxf6 27. Nxf6 Rg5 28. Kf2 Kg7 29. Ne4 Ra5 30. Rd2 f5 31. gxf5 exf5 32. Ng3 Rxc3 33. Bd5 Kf6 34. Re1 Rd3 35. Rxd3 Bxd3 36. Bb3 Rc5 37. Rd1 Bb5 38. Rd5 Rxd5 39. Bxd5 Ke5 40. Bg8 h6 41. Ne2 f4 42. Bf7 Bc6 43. Bh5 b5 44. Bf3 Bd7 45. h4 a5 46. Nc1 a4 47. Nd3+ Kd4 48. Nxf4 b4 49. Bd5 Bg4 50. Bf7 Bf5 51. Ke2 b3 52. Bxb3 axb3 53. axb3 Kc3 54. Ke3 Kxb3 55. Kd4 Bg4 56. Ke5 Kc4 57. Kf6 Kd4 58. Kg6 Ke4 59. Nh5 Bxh5+ 60. Kxh5 Kf5 1/2-1/2

[Event "EIWCC 2017"]
[Site "Riga"]
[Date "2017.04.14"]
[Round "4"]
[White "Gueci, Tea"]
[Black "Lazarne Vajda, Szidonia"]
[Result "0-1"]
[ECO "C77"]
[WhiteElo "2132"]
[BlackElo "2355"]
[Annotator "NA"]
[PlyCount "150"]
[EventDate "2017.??.??"]
[EventType "swiss"]
[EventCountry "LAT"]
[SourceTitle "playchess.com"]
[Source "ChessBase"]
[SourceQuality "1"]
[TimeControl "40/5400+30:1800+30"]

1. e4 e5 2. Nf3 Nc6 3. Bb5 a6 4. Ba4 Nf6 5. Qe2 Bd6 6. c3 O-O 7. O-O Re8 8. d3 h6 9. Re1 Bf8 10. Nbd2 b5 11. Bc2 d5 12. Nf1 d4 13. h3 Be6 14. Ng3 g6 15. Bd2 a5 16. Red1 a4 17. a3 Kh7 18. cxd4 Nxd4 19. Nxd4 exd4 20. f4 c5 21. Rf1 Qc8 22. Qf2 Ng8 23. h4 Bg4 24. Bd1 Bg7 25. h5 Bxd1 26. hxg6+ fxg6 27. Raxd1 Qg4 28. Rc1 Rac8 29. e5 Rf8 30. Qe1 c4 31. Rf3 Ne7 32. Bb4 Rfe8 33. Qe4 cxd3 34. Rxc8 Rxc8 35. Qxd3 Rc1+ 36. Nf1 Nf5 37. Bd2 Rd1 38. Qxb5 Rb1 39. Qxa4 Rxb2 40. Qc6 Rb1 41. Qe4 Ra1 42. Qa8 Ng3 43. Qd8 Nxf1 44. Rxf1 Rxf1+ 45. Kxf1 Qd1+ 46. Be1 d3 47. Qa5 Qe2+ 48. Kg1 Qe3+ 49. Kh2 Qxf4+ 50. g3 Qe4 51. Bc3 Qe2+ 52. Kh3 h5 53. Qb4 g5 54. Qb7 d2 55. Bxd2 Qxd2 56. Qe4+ Kg8 57. Qc4+ Kf8 58. Qc8+ Ke7 59. Qc5+ Ke8 60. Qc8+ Qd8 61. Qe6+ Kf8 62. Qf5+ Kg8 63. g4 h4 64. e6 Qf6 65. Qd5 Qc3+ 66. Kg2 Qg3+ 67. Kf1 Qf4+ 68. Kg2 Qxg4+ 69. Kh1 Qh3+ 70. Kg1 Qe3+ 71. Kh1 Qe5 72. Qb3 Qa1+ 73. Kg2 Qb2+ 74. Qxb2 Bxb2 75. a4 Bc3 0-1

[Event "EIWCC 2017"]
[Site "Riga"]
[Date "2017.04.14"]
[Round "4"]
[White "Hapala, Elisabeth"]
[Black "Worek, Joanna"]
[Result "1-0"]
[ECO "B90"]
[WhiteElo "2091"]
[BlackElo "2330"]
[Annotator "NA"]
[PlyCount "104"]
[EventDate "2017.??.??"]
[EventType "swiss"]
[EventCountry "LAT"]
[SourceTitle "playchess.com"]
[Source "ChessBase"]
[SourceQuality "1"]
[TimeControl "40/5400+30:1800+30"]

1. e4 c5 2. Nf3 d6 3. d4 cxd4 4. Nxd4 Nf6 5. Nc3 a6 6. Be3 e5 7. Nb3 Be6 8. f3 Be7 9. Qd2 O-O 10. O-O-O a5 11. a4 Na6 12. g4 Nb4 13. Kb1 Rc8 14. g5 Nh5 15. Rg1 Kh8 16. Bb5 Qc7 17. Qf2 Nf4 18. Bb6 Qb8 19. Qd2 d5 20. exd5 Nfxd5 21. Nxd5 Bxd5 22. Bxa5 Bxf3 23. Bxb4 Rfd8 24. Bxe7 Rxd2 25. Rxd2 e4 26. Bd6 Qa7 27. Bc5 Qb8 28. Bd6 Qa7 29. Bc5 Qb8 30. Be3 Qe5 31. Nd4 Bh5 32. Rf1 Bg6 33. Rfd1 Rf8 34. Nb3 Rg8 35. Rd8 h6 36. gxh6 Qxh2 37. hxg7+ Kh7 38. R8d2 Qh3 39. Bf4 Kxg7 40. Be5+ f6 41. Rd7+ Kh6 42. Bf4+ Kh5 43. Be2+ Kh4 44. R7d2 e3 45. Rd4 Re8 46. Be5+ Kg5 47. Rg1+ Kh6 48. Bg4 fxe5 49. Bxh3 exd4 50. Nxd4 e2 51. Re1 Re4 52. Nxe2 Rf4 1-0

[Event "EIWCC 2017"]
[Site "Riga"]
[Date "2017.04.14"]
[Round "4"]
[White "Beydullayeva, Govhar"]
[Black "Ozturk, Kubra"]
[Result "0-1"]
[ECO "A22"]
[WhiteElo "2054"]
[BlackElo "2261"]
[Annotator "NA"]
[PlyCount "54"]
[EventDate "2017.??.??"]
[EventType "swiss"]
[EventCountry "LAT"]
[SourceTitle "playchess.com"]
[Source "ChessBase"]
[SourceQuality "1"]
[TimeControl "40/5400+30:1800+30"]

1. c4 Nf6 2. Nc3 e5 3. g3 d5 4. cxd5 Nxd5 5. Bg2 Nb6 6. d3 Be7 7. Be3 O-O 8. Rc1 f5 9. Nf3 Nc6 10. O-O Bf6 11. Bc5 Re8 12. b4 Be6 13. Nd2 Nd5 14. Nxd5 Bxd5 15. Bxd5+ Qxd5 16. Qb3 Qxb3 17. Nxb3 b6 18. Bxb6 axb6 19. Rxc6 Rxa2 20. Rb1 Rxe2 21. Rxc7 e4 22. d4 e3 23. fxe3 R2xe3 24. Rc6 Rd3 25. d5 Ree3 26. Nc1 Rxd5 27. Rxb6 Bd4 0-1

[Event "EIWCC 2017"]
[Site "Riga"]
[Date "2017.04.15"]
[Round "5"]
[White "Szczepkowska, Karina"]
[Black "Kantane, Anna"]
[Result "1-0"]
[ECO "B24"]
[WhiteElo "2414"]
[BlackElo "2230"]
[Annotator "NA"]
[PlyCount "83"]
[EventDate "2017.??.??"]
[EventType "swiss"]
[EventCountry "LAT"]
[SourceTitle "playchess.com"]
[Source "ChessBase"]
[SourceQuality "1"]
[TimeControl "40/5400+30:1800+30"]

1. e4 c5 2. Nc3 Nc6 3. Bb5 Nd4 4. Nf3 g6 5. Bc4 Bg7 6. Nxd4 cxd4 7. Qf3 e6 $11 8. Nb5 {[%emt 0:00:20] LiveBook: 56 Games} d6 9. Qa3 Bf8 10. Nxd4 Nf6 11. Qf3 Bg7 12. Bb3 O-O 13. O-O Nd7 14. c3 b6 15. d3 Bb7 16. Qh3 Nc5 17. Bc2 e5 18. Nf3 Ne6 19. g3 f5 20. Bb3 d5 21. Re1 Nc5 22. exf5 Rxf5 23. g4 Rf8 24. Nxe5 Nxb3 25. axb3 d4 26. c4 Qd6 27. f4 g5 28. Bd2 gxf4 29. Nf3 a5 30. Ng5 Qg6 31. Ne6 f3 32. Nxf8 Rxf8 33. Rf1 Qxd3 34. Rf2 Re8 35. Raf1 Re2 36. Qg3 Be5 37. Bf4 Rxf2 38. Rxf2 Bxf4 39. Qxf4 Qd1+ 40. Rf1 f2+ 41. Kxf2 Qc2+ 42. Kg3 1-0

[Event "EIWCC 2017"]
[Site "Riga"]
[Date "2017.04.15"]
[Round "5"]
[White "Tsolakidou, Stavroula"]
[Black "Buksa, Nataliya"]
[Result "1-0"]
[ECO "B31"]
[WhiteElo "2395"]
[BlackElo "2314"]
[Annotator "NA"]
[PlyCount "67"]
[EventDate "2017.??.??"]
[EventType "swiss"]
[EventCountry "LAT"]
[SourceTitle "playchess.com"]
[Source "ChessBase"]
[SourceQuality "1"]
[TimeControl "40/5400+30:1800+30"]

1. e4 c5 2. Nf3 Nc6 3. Bb5 g6 4. O-O Bg7 5. c3 Nf6 6. Re1 O-O 7. h3 d5 8. e5 Ne8 9. d4 c4 10. Ba4 Nc7 11. Bc2 f6 12. exf6 exf6 13. Nbd2 b5 14. Nf1 Be6 15. Bf4 Bf7 16. Qd2 Qd7 17. Ng3 Rfe8 18. h4 h5 19. Nh2 Rxe1+ 20. Rxe1 Re8 21. Rxe8+ Nxe8 22. Bh6 Nd6 23. Bxg7 Kxg7 24. Qf4 Qe6 25. Nhf1 Ne7 26. Ne3 a5 27. Qf3 Kh6 28. Ne2 g5 29. Ng3 b4 30. Kf1 bxc3 31. bxc3 g4 32. Qf4+ Kg7 33. Qxd6 Qxd6 34. Ngf5+ 1-0

[Event "EIWCC 2017"]
[Site "Riga"]
[Date "2017.04.15"]
[Round "5"]
[White "Michna, Marta"]
[Black "Doluhanova, Evgeniya"]
[Result "1-0"]
[ECO "B25"]
[WhiteElo "2389"]
[BlackElo "2287"]
[Annotator "ChessBase"]
[PlyCount "127"]
[EventDate "2017.??.??"]
[EventType "swiss"]
[EventCountry "LAT"]
[SourceTitle "playchess.com"]
[Source "ChessBase"]
[SourceQuality "1"]
[TimeControl "40/5400+30:1800+30"]

1. e4 c5 2. Nc3 Nc6 3. g3 g6 4. Bg2 Bg7 5. d3 d6 6. Nh3 Nf6 7. O-O O-O 8. f4 Nd4 9. Nf2 Rb8 10. a4 a6 11. Ne2 Ne8 12. c3 Nxe2+ 13. Qxe2 b5 14. g4 Nc7 15. f5 Bd7 16. axb5 axb5 17. Nh3 b4 18. c4 Bc6 19. Qe1 e6 20. f6 Bxf6 21. Rxf6 Qxf6 22. e5 Qxe5 23. Qxe5 dxe5 24. Bxc6 Rb6 25. Bf3 Rd8 26. Nf2 Ra6 27. Rb1 f5 28. Bg5 Rd7 29. Bf6 Ne8 30. Bxe5 Nd6 31. Kg2 Nf7 32. Bf6 g5 33. Re1 h6 34. Be5 Kh7 35. gxf5 exf5 36. Bd5 Re7 37. Bxf7 Rxf7 38. d4 cxd4 39. Bxd4 Rd7 40. Bc5 b3 41. Ba3 Ra4 42. Re5 Rxc4 43. Rxf5 Rd2 44. Kf3 Rcc2 45. Ng4 Kg6 46. Rf6+ Kg7 47. Rxh6 Rd4 48. Rb6 Rf4+ 49. Kg3 Rc1 50. h3 Rg1+ 51. Kh2 Rff1 52. Bc5 Rh1+ 53. Kg2 Rb1 54. Bd4+ Kf7 55. Rxb3 Rhd1 56. Be3 Re1 57. Bd4 Red1 58. Rb4 Rd2+ 59. Nf2 Kg6 60. Bc3 Rc2 61. Ra4 Kh5 62. Ra5 Kg6 63. Ra6+ Kh5 64. Bg7 1-0

[Event "EIWCC 2017"]
[Site "Riga"]
[Date "2017.04.15"]
[Round "5"]
[White "Papp, Petra"]
[Black "Sandu, Mihaela"]
[Result "0-1"]
[ECO "B41"]
[WhiteElo "2378"]
[BlackElo "2261"]
[Annotator "NA"]
[PlyCount "80"]
[EventDate "2017.??.??"]
[EventType "swiss"]
[EventCountry "LAT"]
[SourceTitle "playchess.com"]
[Source "ChessBase"]
[SourceQuality "1"]
[TimeControl "40/5400+30:1800+30"]

1. e4 c5 2. Nf3 e6 3. d4 cxd4 4. Nxd4 a6 5. c4 Nf6 6. Nc3 Qc7 7. Be2 Bb4 8. Nc2 Be7 9. O-O O-O 10. f4 d6 11. Qd3 Bd7 12. Bf3 Bc6 13. b4 Nbd7 14. Bb2 Rac8 15. Rac1 b6 16. g3 Rfe8 17. a3 Bf8 18. Bg2 Qb8 19. Rfd1 Ba8 20. Qe2 b5 21. cxb5 axb5 22. g4 g6 23. Rd3 Nb6 24. Ne3 Nc4 25. Nxc4 Rxc4 26. Rcd1 Qb6+ 27. Kh1 Rec8 28. Ba1 Be7 29. Rh3 d5 30. e5 Ne4 31. Nxe4 dxe4 32. Qe3 Qc7 33. Bb2 Rd8 34. Rb1 Rc2 35. f5 Rd3 36. Qe1 Rxh3 37. f6 Bxf6 38. Qf1 Bxe5 39. Bxe5 Qxe5 40. Qg1 e3 0-1

[Event "EIWCC 2017"]
[Site "Riga"]
[Date "2017.04.15"]
[Round "5"]
[White "Kovanova, Baira"]
[Black "Unuk, Laura"]
[Result "1-0"]
[ECO "D37"]
[WhiteElo "2376"]
[BlackElo "2275"]
[Annotator "NA"]
[PlyCount "69"]
[EventDate "2017.??.??"]
[EventType "swiss"]
[EventCountry "LAT"]
[SourceTitle "playchess.com"]
[Source "ChessBase"]
[SourceQuality "1"]
[TimeControl "40/5400+30:1800+30"]

1. c4 Nf6 2. Nc3 e6 3. Nf3 d5 4. d4 Be7 5. Bf4 O-O 6. e3 c5 7. dxc5 Bxc5 8. Qc2 Nc6 9. a3 Qa5 10. Be2 dxc4 11. Bxc4 a6 12. O-O Be7 13. b4 Qh5 14. Be2 $16 Qg6 15. Bd3 Qh5 16. Ne2 Bxb4 17. axb4 Nxb4 18. Qb3 Nxd3 19. Qxd3 b5 20. Ng3 Qd5 21. Qa3 a5 22. Rfd1 Qb7 23. Qc5 Bd7 24. Be5 Rfc8 25. Qd4 Rc4 26. Qd2 Bc6 27. Rxa5 Nd7 28. Rxa8+ Qxa8 29. e4 f6 30. Bb2 Nc5 31. Qd6 Bxe4 32. Nxe4 Qxe4 33. Nd2 Qe2 34. Nxc4 Ne4 35. Qxe6+ 1-0

[Event "EIWCC 2017"]
[Site "Riga"]
[Date "2017.04.15"]
[Round "5"]
[White "Arakhamia-Grant, Ketevan"]
[Black "Pavlidou, Ekaterini"]
[Result "1-0"]
[ECO "B24"]
[WhiteElo "2374"]
[BlackElo "2180"]
[Annotator "NA"]
[PlyCount "85"]
[EventDate "2017.??.??"]
[EventType "swiss"]
[EventCountry "LAT"]
[SourceTitle "playchess.com"]
[Source "ChessBase"]
[SourceQuality "1"]
[TimeControl "40/5400+30:1800+30"]

1. e4 c5 2. Nc3 Nc6 3. Bb5 g6 4. Bxc6 dxc6 5. d3 Bg7 6. Be3 b6 7. Qd2 e5 {[%emt 0:01:17] LiveBook: 74 Games B23: Closed Sicilian: Lines without g3} 8. h3 Qe7 9. Nge2 Nf6 10. Bh6 O-O 11. g4 $146 (11. Bxg7 Kxg7 12. O-O Nd7 13. Rae1 f6 14. Kh1 Ba6 15. f4 exf4 16. Nxf4 {1-0 (37) Kasimdzhanov,R (2664)-Afek,Y (2387) Vlissingen 2003}) 11... Rd8 12. O-O-O b5 13. Bxg7 Kxg7 14. Ng3 a5 15. f4 exf4 16. Qxf4 a4 17. e5 $11 Nd5 18. Nxd5 Rxd5 19. Rde1 Rd4 20. Ne4 Be6 21. Qf6+ Qxf6 22. exf6+ Kf8 23. Nxc5 Bxa2 24. Re7 h6 25. Rhe1 Rad8 26. c3 R4d5 27. d4 g5 28. Rc7 Kg8 29. Ree7 Rxc5 30. dxc5 Bb3 31. Red7 Re8 32. Re7 Rd8 33. Rcd7 Rc8 34. Kd2 Kh7 35. Rc7 Rd8+ 36. Red7 Rxd7+ 37. Rxd7 Bc4 38. Ke3 Bf1 39. Rxf7+ Kg6 40. Rc7 Bxh3 41. Kf3 Bf1 42. Rxc6 Bc4 43. Rd6 1-0

[Event "EIWCC 2017"]
[Site "Riga"]
[Date "2017.04.15"]
[Round "5"]
[White "Yildiz, Betul Cemre"]
[Black "Hapala, Elisabeth"]
[Result "1-0"]
[ECO "D11"]
[WhiteElo "2367"]
[BlackElo "2091"]
[Annotator "NA"]
[PlyCount "61"]
[EventDate "2017.??.??"]
[EventType "swiss"]
[EventCountry "LAT"]
[SourceTitle "playchess.com"]
[Source "ChessBase"]
[SourceQuality "1"]
[TimeControl "40/5400+30:1800+30"]

1. d4 d5 2. c4 c6 3. Nf3 Nf6 4. e3 g6 5. Nbd2 Bg7 6. Be2 O-O 7. O-O Bg4 8. h3 Bxf3 9. Nxf3 e6 10. b4 Nbd7 11. Qb3 Ne4 12. Bb2 a6 13. a4 Nb6 14. c5 Nd7 15. b5 axb5 16. axb5 Qc7 17. Ra3 Rxa3 18. Qxa3 e5 19. Ra1 exd4 20. exd4 Re8 21. Bf1 Qb8 22. Ra2 Bf6 23. Bc1 Nf8 24. Rb2 Qc8 25. bxc6 bxc6 26. Rb6 Nd7 27. Ra6 Nb8 28. Ra7 Qf5 29. Be3 h5 30. Rb7 Bd8 31. Rxb8 1-0

[Event "EIWCC 2017"]
[Site "Riga"]
[Date "2017.04.15"]
[Round "5"]
[White "Babiy, Olga"]
[Black "Zherebtsova, Alexandra"]
[Result "1/2-1/2"]
[ECO "C88"]
[WhiteElo "2359"]
[BlackElo "2222"]
[Annotator "NA"]
[PlyCount "92"]
[EventDate "2017.??.??"]
[EventType "swiss"]
[EventCountry "LAT"]
[SourceTitle "playchess.com"]
[Source "ChessBase"]
[SourceQuality "1"]
[TimeControl "40/5400+30:1800+30"]

1. e4 e5 2. Nf3 Nc6 3. Bb5 a6 4. Ba4 Nf6 5. O-O Be7 6. Re1 b5 7. Bb3 d6 8. h3 Na5 9. c3 Nxb3 10. axb3 Bb7 11. d3 O-O {[%emt 0:04:06] LiveBook: 4 Games} 12. Nbd2 Re8 13. Nf1 h6 14. c4 {[%emt 0:03:52] C90: Closed Ruy Lopez with 7...d6: Early deviations} Bf8 15. Bd2 Qd7 $146 (15... g6 16. N3h2 Nd7 17. Re3 Bg7 18. Rg3 {½-½ (34) Dobrijevic,M (2220)-Todorovic,G (2476) Belgrade 2015}) 16. N3h2 Kh7 17. Qf3 Qe6 18. Ne3 c6 19. Bc3 Nd7 20. b4 g6 21. Rad1 Bg7 22. Qg3 Nf6 23. Qf3 (23. Qh4 $11) 23... Rf8 24. Nhf1 Rae8 25. Nd2 Nd7 26. Nb3 $11 f5 27. Na5 Ba8 28. Nf1 fxe4 29. Qxe4 Qf7 30. Qe2 c5 31. Ng3 Nb6 32. Ne4 Qc7 33. bxc5 dxc5 34. b4 Na4 35. Bd2 Rd8 36. Rb1 cxb4 37. Bxb4 Rf7 38. Rbc1 Qd7 39. Nd6 Rf4 40. Qd2 bxc4 41. Rxc4 Nb6 42. Rxf4 exf4 43. Nac4 Qc6 44. f3 Nd5 45. Ba3 Ne3 46. Qe2 Bd4 1/2-1/2

[Event "EIWCC 2017"]
[Site "Riga"]
[Date "2017.04.15"]
[Round "5"]
[White "Brunello, Marina"]
[Black "Gaponenko, Inna"]
[Result "0-1"]
[ECO "B73"]
[WhiteElo "2354"]
[BlackElo "2416"]
[Annotator "NA"]
[PlyCount "48"]
[EventDate "2017.??.??"]
[EventType "swiss"]
[EventCountry "LAT"]
[SourceTitle "playchess.com"]
[Source "ChessBase"]
[SourceQuality "1"]
[TimeControl "40/5400+30:1800+30"]

1. e4 c5 2. Nf3 Nc6 3. d4 cxd4 4. Nxd4 Nf6 5. Nc3 d6 6. Be2 g6 7. Be3 Bg7 8. O-O O-O 9. f3 d5 {[%emt 0:03:08] LiveBook: 7 Games} 10. Nxd5 {[%emt 0:04:57] B73: Sicilian Dragon: Classical System without 9 Nb3} (10. exd5 Nxd5 11. Nxc6 bxc6 12. Nxd5 cxd5 13. c3 e5 14. Bc5 Re8 15. b4 Bb7 16. Qd2 Qc7 17. Rac1 a5 {½-½ (31) Roos,J (2406)-Poli,G (2495) ICCF email 2008}) 10... Nxd5 11. exd5 Qxd5 12. Nxc6 Qxc6 13. c3 e5 14. Qe1 Be6 15. Qf2 Rfd8 $146 (15... a6 16. Bb6 f5 17. Rfd1 Bh6 {0-1 (32) Mikalsen,H (1990)-Kravec,P (2156) Albena 2016}) 16. a4 a6 17. a5 Bf8 18. Rfc1 Rac8 19. b4 Bc4 20. Bb6 Rd2 21. Re1 $19 Rxe2 22. Rxe2 Bxe2 23. Qxe2 Qxc3 24. Re1 Bxb4 0-1

[Event "EIWCC 2017"]
[Site "Riga"]
[Date "2017.04.15"]
[Round "5"]
[White "Worek, Joanna"]
[Black "Grapsa, Georgia"]
[Result "0-1"]
[ECO "E33"]
[WhiteElo "2330"]
[BlackElo "2049"]
[Annotator "NA"]
[PlyCount "86"]
[EventDate "2017.??.??"]
[EventType "swiss"]
[EventCountry "LAT"]
[SourceTitle "playchess.com"]
[Source "ChessBase"]
[SourceQuality "1"]
[TimeControl "40/5400+30:1800+30"]

1. d4 Nf6 2. c4 e6 3. Nc3 Bb4 4. Qc2 Nc6 5. Nf3 d6 6. Bd2 O-O 7. a3 Bxc3 8. Bxc3 Re8 9. e3 e5 10. d5 Nb8 11. Nd2 c6 12. e4 a5 13. Be2 Na6 14. O-O Bd7 15. b4 cxd5 16. exd5 a4 17. Rad1 Qc8 18. Bd3 b5 19. cxb5 Nc7 20. b6 Nb5 21. Nb1 Qb7 22. Bf5 Rac8 23. Bxd7 Nxd7 24. Qd3 Qxb6 25. Bd2 e4 26. Qh3 Ne5 27. Rfe1 Nd3 28. Re3 g6 29. Qh4 Qd4 30. Rh3 h5 31. Be3 Qxd5 32. Rg3 Re5 33. Qf6 Qe6 34. Qxe6 Rxe6 35. f3 d5 36. fxe4 dxe4 37. Rf1 Nc3 38. Nd2 Ne2+ 39. Kh1 Nxg3+ 40. hxg3 Rc2 41. b5 f5 42. b6 Rxd2 43. Bxd2 Rxb6 0-1

[Event "EIWCC 2017"]
[Site "Riga"]
[Date "2017.04.15"]
[Round "5"]
[White "Cosma, Elena-Luminita"]
[Black "Movileanu, Daniela"]
[Result "1/2-1/2"]
[ECO "D78"]
[WhiteElo "2316"]
[BlackElo "2213"]
[Annotator "NA"]
[PlyCount "115"]
[EventDate "2017.??.??"]
[EventType "swiss"]
[EventCountry "LAT"]
[SourceTitle "playchess.com"]
[Source "ChessBase"]
[SourceQuality "1"]
[TimeControl "40/5400+30:1800+30"]

1. d4 Nf6 2. Nf3 g6 3. g3 Bg7 4. Bg2 d5 5. O-O O-O 6. c4 c6 7. b3 Bf5 8. Nc3 Ne4 9. Bb2 a5 10. Rc1 Nxc3 11. Bxc3 Be4 12. e3 Nd7 {[%emt 0:04:31] LiveBook: 4 Games} 13. Qe2 Nf6 14. Rfd1 Qd6 15. Bf1 a4 16. Nd2 Bf5 17. c5 $11 Qc7 18. b4 Nd7 19. g4 Be6 20. f4 Nf6 21. h3 h5 22. g5 Nd7 23. Nf3 Bf5 24. Nh4 Be4 25. Bg2 Nb8 26. Bxe4 dxe4 27. Qg2 Qd7 28. Qxe4 Qxh3 29. Be1 Na6 30. Qf3 Qe6 31. Rc2 Nc7 32. Kh1 Rad8 33. f5 Qd7 34. Rg2 gxf5 35. Nxf5 Qe6 36. e4 Rfe8 37. Bc3 Qg6 38. Nh6+ Kh7 39. Nf5 Nb5 40. Ba1 e6 41. Nxg7 Kxg7 42. d5+ e5 43. d6 Re6 44. Qf5 Kf8 45. Qxg6 fxg6 46. Rf2+ Kg7 47. Rdf1 Rd7 48. Rf8 a3 49. Rb8 Nd4 50. Rff8 Ne2 51. Kh2 Nd4 52. Kg2 Nc2 53. Bc3 Ne3+ 54. Kf3 Nd1 55. Ba1 Nb2 56. Ke2 Nc4 57. Rg8+ Kh7 58. Rgd8 1/2-1/2

[Event "EIWCC 2017"]
[Site "Riga"]
[Date "2017.04.15"]
[Round "5"]
[White "Khomeriki, Nino"]
[Black "Gueci, Tea"]
[Result "1-0"]
[ECO "A07"]
[WhiteElo "2308"]
[BlackElo "2132"]
[Annotator "NA"]
[PlyCount "101"]
[EventDate "2017.??.??"]
[EventType "swiss"]
[EventCountry "LAT"]
[SourceTitle "playchess.com"]
[Source "ChessBase"]
[SourceQuality "1"]
[TimeControl "40/5400+30:1800+30"]

1. Nf3 d5 2. g3 Nf6 3. Bg2 c6 4. O-O Bg4 5. d3 Nbd7 6. Nbd2 e5 7. h3 Bh5 8. e4 dxe4 9. dxe4 Bc5 10. Qe2 O-O 11. a4 a5 12. Rd1 Qc7 13. Nc4 b6 14. Bd2 Rfe8 15. Bc3 Bg6 16. Nh4 $14 Bb4 17. Bxb4 axb4 18. Qd2 c5 19. f3 Red8 20. Qd6 Qxd6 21. Nxd6 Nh5 22. Nb7 Rdb8 23. Rxd7 Nf6 24. Rc7 Ne8 25. Re7 Ra7 26. Nxg6 hxg6 27. Rd1 Raxb7 28. Rxe5 Kf8 29. Bf1 Nc7 30. Rd7 Ne6 31. Red5 Nd4 32. Kf2 Nxc2 33. Ba6 Rxd7 34. Rxd7 Nd4 35. Bc4 Ne6 36. Ke3 Nd8 37. f4 Ke8 38. Rc7 Kf8 39. Bd5 Ne6 40. Rd7 Rc8 41. b3 Rb8 42. Kd3 b5 43. axb5 Rxb5 44. f5 gxf5 45. exf5 Nd4 46. Rxf7+ Kg8 47. g4 Kh8 48. Rf8+ Kh7 49. g5 Rb6 50. Bg8+ Kh8 51. g6 1-0

[Event "EIWCC 2017"]
[Site "Riga"]
[Date "2017.04.15"]
[Round "5"]
[White "Fuchs, Judith"]
[Black "Vega Gutierrez, Sabrina"]
[Result "0-1"]
[ECO "B33"]
[WhiteElo "2274"]
[BlackElo "2413"]
[Annotator "NA"]
[PlyCount "104"]
[EventDate "2017.??.??"]
[EventType "swiss"]
[EventCountry "LAT"]
[SourceTitle "playchess.com"]
[Source "ChessBase"]
[SourceQuality "1"]
[TimeControl "40/5400+30:1800+30"]

1. e4 c5 2. Nf3 Nc6 3. d4 cxd4 4. Nxd4 Nf6 5. Nc3 e5 6. Ndb5 d6 7. Bg5 a6 8. Na3 b5 9. Nd5 Be7 10. Bxf6 Bxf6 11. c3 Ne7 12. Nxf6+ gxf6 13. Be2 f5 14. exf5 {[%emt 0:01:35] B33: Sicilian: Pelikan and Sveshnikov Variations} Bxf5 15. Bf3 (15. O-O O-O 16. Qd2 Be6 17. c4 bxc4 18. Nxc4 Nf5 19. Bd3 Nd4 20. f4 Bxc4 21. Bxc4 d5 22. Bb3 {½-½ (22) Oll,L (2625)-Krasenkow,M (2615) Vilnius 1997}) 15... d5 16. Nc2 O-O $146 (16... Be6 17. a4 O-O 18. O-O Qb6 19. Qd2 f6 20. Rfd1 Kg7 21. axb5 axb5 {½-½ (54) Marx,J (1836)-Specht,C (1888) Willingen 2007}) 17. O-O Qd7 18. Re1 f6 19. Qd2 Rfd8 20. h3 Kh8 21. Ne3 Bxh3 22. a4 Be6 23. Qe2 Ng6 24. g3 e4 25. Bg4 f5 $17 ({Don't play} 25... bxa4 26. Bxe6 Qxe6 27. Qh5 $15 (27. Rxa4 Ne5 28. Kg2 Nd3 $17)) 26. Bh5 f4 27. Bxg6 f3 28. Qd2 hxg6 29. Qd4+ Qg7 30. Red1 Qxd4 31. Rxd4 Kg7 32. axb5 axb5 33. Rxa8 Rxa8 34. Kf1 Ra2 35. Nd1 Kf6 36. Ke1 Ke5 37. Rb4 Bd7 38. Rd4 Bc6 39. Kd2 Ra8 40. Ke3 Rh8 41. Kd2 Rh1 42. Ne3 Kd6 43. Rb4 Kc5 44. Rd4 Rh2 45. Ke1 Bb7 46. Nd1 Rh1+ 47. Kd2 Rf1 48. Rb4 e3+ 49. fxe3 g5 50. Rd4 Bc8 51. b4+ Kc6 52. g4 f2 0-1

[Event "EIWCC 2017"]
[Site "Riga"]
[Date "2017.04.15"]
[Round "5"]
[White "Ozturk, Kubra"]
[Black "Sazonova, Anastasia"]
[Result "0-1"]
[ECO "D12"]
[WhiteElo "2261"]
[BlackElo "2143"]
[Annotator "NA"]
[PlyCount "96"]
[EventDate "2017.??.??"]
[EventType "swiss"]
[EventCountry "LAT"]
[SourceTitle "playchess.com"]
[Source "ChessBase"]
[SourceQuality "1"]
[TimeControl "40/5400+30:1800+30"]

1. d4 d5 2. c4 c6 3. Nf3 Nf6 4. e3 Bf5 5. Nc3 e6 6. Nh4 Be4 7. f3 Bg6 8. Qb3 Qc7 9. Bd2 Be7 10. Nxg6 hxg6 11. cxd5 cxd5 12. O-O-O Nc6 13. Kb1 O-O 14. Rc1 Rfc8 15. Qd1 a6 16. g4 Qd8 17. h4 Na5 18. f4 b5 19. g5 Nh5 20. Rh2 Nc4 21. f5 exf5 22. Qf3 Bd6 23. Rg2 Bb4 24. Be1 Bxc3 25. Rxc3 Qd6 26. Bd3 Qe6 27. Re2 Nd6 28. Rec2 Rxc3 29. Rxc3 Re8 30. Bf2 Nc4 31. Bxc4 bxc4 32. Kc1 Rb8 33. Rc2 Re8 34. Rc3 f4 35. exf4 Qf5 36. Re3 Re4 37. Rxe4 dxe4 38. Qe3 Nxf4 39. Bg3 Nd3+ 40. Kc2 Qb5 41. b3 cxb3+ 42. axb3 Qc6+ 43. Kd1 Qc3 44. Ke2 Nc1+ 45. Kf2 Qc2+ 46. Kf1 Nxb3 47. Bf4 Qd1+ 48. Kg2 Qd3 0-1

[Event "EIWCC 2017"]
[Site "Riga"]
[Date "2017.04.15"]
[Round "5"]
[White "Sedina, Elena"]
[Black "Ziaziulkina, Nastassia"]
[Result "1/2-1/2"]
[ECO "B51"]
[WhiteElo "2253"]
[BlackElo "2387"]
[Annotator "NA"]
[PlyCount "31"]
[EventDate "2017.??.??"]
[EventType "swiss"]
[EventCountry "LAT"]
[SourceTitle "playchess.com"]
[Source "ChessBase"]
[SourceQuality "1"]
[TimeControl "40/5400+30:1800+30"]

1. e4 c5 2. Nf3 d6 3. Bb5+ Nd7 4. d4 cxd4 5. Qxd4 a6 6. Bxd7+ Bxd7 7. c4 Nf6 8. Bg5 e6 9. Nc3 Bc6 10. O-O Be7 11. Rfe1 O-O 12. a4 Rc8 13. h3 Qa5 14. Qd2 Kh8 15. b3 h6 16. Bf4 1/2-1/2